 Dungeon Crawl Stone Soup version 0.29.1-15-g9cfb28693d (webtiles) character file.

Game seed: 14269671344739115706

116 javelincjr the Magician (level 4, -13/33 HPs)
             Began as a Demonspawn Hedge Wizard on Apr 7, 2023.
             Mangled by Pikel
             ... wielding a +2 whip of electrocution
              (16 damage)
             ... on level 4 of the Dungeon.
             The game lasted 00:08:57 (4141 turns).

javelincjr the Magician (Demonspawn Hedge Wizard)   Turns: 4141, Time: 00:08:58

Health: -13/33     AC: 12    Str: 12    XL:     4   Next: 69%
Magic:  2/9        EV: 12    Int: 16    God:
Gold:   111        SH:  0    Dex: 15    Spells: 5/10 levels left

rFire   + . .      SeeInvis .   v - +1 hand axe (flame)
rCold   . . .      Faith    .   (no shield)
rNeg    . . .      Spirit   .   u - +1 leather armour {rF+}
rPois   .          Reflect  .   c - +0 hat
rElec   .          Harm     .   (no cloak)
rCorr   .          Rampage  .   h - +2 pair of gloves {Dex+3}
Will    .....                   (no boots)
Stlth   ++........              (no amulet)
HPRegen 0.11/turn               q - +4 ring of protection
MPRegen 0.11/turn               (no ring)

@: no status effects
A: antennae 2, rugged brown scales 1
a: no special abilities


You were on level 4 of the Dungeon.
You visited 1 branch of the dungeon, and saw 4 of its levels.

You collected 111 gold pieces.

Inventory:

Hand Weapons
 a - a +0 dagger
 v - a +1 hand axe of flaming (weapon)
Missiles
 p - 5 atropa-tipped darts
Armour
 b - a +0 robe
 c - a +0 hat (worn)
 h - a +2 pair of gloves of dexterity (worn)
 u - a +1 leather armour of fire resistance (worn)
Magical Staves
 o - a staff of fire
Jewellery
 i - an amulet of faith
 q - a +4 ring of protection (left hand)
 t - an amulet of magic regeneration
Wands
 r - a wand of light (9)
Scrolls
 f - a scroll of poison
 j - a scroll of magic mapping {unknown}
Potions
 d - 2 potions of magic
 e - a potion of heal wounds {unknown}
 g - a potion of attraction {unknown}
 k - a potion of invisibility {unknown}
 l - a potion of berserk rage {unknown}
 m - a potion of brilliance {unknown}
 n - a potion of might {unknown}


   Skills:
 * Level 1.9 Fighting
 + Level 1.0 Armour
 + Level 2.2 Dodging
 - Level 1.7 Stealth
 * Level 3.6 Spellcasting
 + Level 1.5 Conjurations
 + Level 1.6 Summonings
 + Level 1.4 Translocations


You had 5 spell levels left.
You knew the following spells:

 Your Spells              Type           Power      Damage    Failure   Level
a - Magic Dart            Conj           28%        1d4       12%         1
b - Call Imp              Summ           8%         N/A       17%         2
c - Blink                 Tloc           14%        N/A       19%         2

Your spell library contained the following spells:

 Spells                   Type           Power      Damage    Failure   Level
 Slow                     Hex            8%         N/A       22%         1
 Conjure Flame            Conj/Fire      5%         6-21      43%         3
 Mephitic Cloud           Conj/Pois/Air  4%         N/A       47%         3
 Borgnjor's Revivificati  Necr           1%         N/A       100%        8
 Necromutation            Tmut/Necr      1%         N/A       100%        8
 Death's Door             Necr           1%         N/A       100%        9


Dungeon Overview and Level Annotations

Branches:
Dungeon (4/15)
 Temple: D:4-7

Altars:

Annotations:
D:4 2 transporters, Pikel; hawla's ghost, amateur MeIE


Innate Abilities, Weirdness & Mutations

You have a pair of antennae on your head.
You are partially covered in rugged brown scales. (AC +1, +3% HP)


Message History

The puff of frost hits Pikel.
Pikel hits you with a +2 whip of electrocution.
You are electrocuted!
The lemure closely misses your white imp.
You hit Pikel but do no damage.
Pikel is lightly wounded.
Your white imp gestures at Pikel.
The puff of frost hits Pikel.
Pikel says, "Hell isn't that bad."
Pikel hits you with a +2 whip of electrocution!
* * * LOW HITPOINT WARNING * * *
The lemure hits your white imp but does no damage.
Your white imp gestures at Pikel.
The puff of frost hits Pikel.
The lemure barely misses your white imp.
Pikel completely misses you.
Your magical contamination has completely faded away.
You hit Pikel but do no damage.
Pikel is moderately wounded.
Your white imp barely misses Pikel.
Pikel barely misses you. The lemure hits your white imp!
The lemure barely misses your white imp.
You closely miss Pikel.
Pikel is moderately wounded.
Your white imp hits the lemure.
Your white imp freezes the lemure.
Pikel hits you but does no damage.
The lemure closely misses your white imp.
The lemure hits your white imp.
You hit Pikel but do no damage.
Pikel is moderately wounded.
Your white imp hits the lemure but does no damage.
Pikel hits you but does no damage. The lemure hits your white imp.
Your white imp dies!
Your white imp disappears in a puff of smoke!
You hit Pikel. You burn Pikel.
Pikel is heavily wounded.
You hit the lemure. You burn the lemure. Pikel misses you.
The lemure hits you but does no damage. Pikel hits you but does no damage.
You are electrocuted!
You die...

##.###.###.......#.#####.#
..............####.# #.#
.....#######.## #.# #.#
.##..# ##.. ..# ##.## #.##
##...# ### #...# #†###
#.....# ##...# #...#
......?## ##....# #.#.##
........####....########
##....+
......5@'...............
##..####
......5K####....########
#...# .>.....## ##.#.#
...## #.....# ###.# ###
#..########...# ##.#.# ...
##......# ##'# #.#..# .##
##.####.# #.# ##.### #
...# #.# #.# #.# # #
#..####.# ##.## #.# #.##


You could see Pikel and 2 lemures.

Vanquished Creatures
  2 lemures
  Jessica (D:2)
  2 adders (D:4)
  6 dart slugs
  3 orcs
  2 bats (D:1)
  4 endoplasms
  A giant cockroach (D:4)
  9 goblins
  7 hobgoblins
  2 quokkas (D:4)
  5 ball pythons
  5 frilled lizards
  4 kobolds
  4 rats
57 creatures vanquished.

Notes
Turn   | Place    | Note
-------+----------+-------------------------------------------
     0 | D:1      | javelincjr the Demonspawn Hedge Wizard began the quest for
                  | the Orb.
     0 | D:1      | Reached XP level 1. HP: 13/13 MP: 4/4
   189 | D:1      | Reached skill level 1 in Translocations
   328 | D:1      | Gained mutation: You are partially covered in rugged brown
                  | scales. (AC +1, +3% HP) [demonic ancestry]
   328 | D:1      | Reached XP level 2. HP: 14/20 MP: 0/6
  1400 | D:2      | Reached skill level 1 in Fighting
  1608 | D:2      | Gained mutation: You have a pair of small antennae on your
                  | head. [demonic ancestry]
  1608 | D:2      | Reached XP level 3. HP: 26/26 MP: 5/7
  1781 | D:2      | Noticed Jessica
  1785 | D:2      | Killed Jessica
  2155 | D:2      | Learned a level 2 spell: Call Imp
  2158 | D:2      | Learned a level 2 spell: Blink
  2197 | D:2      | Gained mutation: You have a pair of antennae on your head.
                  | [demonic ancestry]
  2197 | D:2      | Reached XP level 4. HP: 32/32 MP: 9/9
  3380 | D:4      | Found a transporter.
  3700 | D:4      | Reached skill level 1 in Armour
  3705 | D:4      | Noticed Pikel
  3705 | D:4      | Noticed a lemure
  3705 | D:4      | Noticed a lemure
  3705 | D:4      | Noticed a lemure
  3707 | D:4      | Noticed a lemure
  3800 | D:3      | Killed a lemure
  4017 | D:4      | Killed a lemure
  4091 | D:4      | Found a transporter.
  4093 | D:4      | Noticed hawla's ghost (amateur MeIE)
  4141 | D:4      | Mangled by Pikel

Illustrated notes

Levels and vault maps discovered:
D:1:      minmay_arrival_checkered_box, layout_basic, serial_rivers,
          chequers_serial_rivers_large_b, chequers_serial_rivers_micro_b,
          chequers_serial_rivers_micro_b, chequers_serial_rivers_room_b,
          chequers_serial_rivers_micro_e, chequers_serial_rivers_small_b
D:2:      layout_loops_ring, uniq_jessica
D:3:      layout_loops_ring
D:4:      layout_loops_corners, gammafunk_ghost_mausoleum,
          lightli_ossuary_entry_decrepit_ruins, minmay_cupped, uniq_pikel,
          uniq_duvessa

Skill      XL: |  1  2  3  4 |
---------------+-------------+-----
Translocations | 1 |  1.4
Dodging        | 2 |  2.2
Fighting       | 1 |  1.9
Armour         | 1 |  1.0
Stealth        | |  1.7
Spellcasting   | |  3.6
Conjurations   | |  1.5
Summonings     | |  1.6

Action                   |  1- 3 |  4- 6 || total
-------------------------+-------+-------++-------
Melee: Dagger            |    22 |    13 ||    35
       Hand axe          |       |    56 ||    56
       Punch             |       |     1 ||     1
 Cast: Magic Dart        |    78 |    40 ||   118
       Call Imp          |       |    10 ||    10
       Blink             |       |     1 ||     1
  Use: Scroll            |       |     3 ||     3
 Stab: Sleeping          |     2 |     4 ||     6
Armor: Robe              |     8 |     7 ||    15
       Leather armour    |       |    34 ||    34
Dodge: Dodged            |    18 |    62 ||    80
